 Dungeon Crawl Stone Soup version 0.32-a0-841-g4648e6c457 (webtiles) character file.

Game seed: 3403009326400461362

1491421 ragingrage the Marksmerfolk (level 26, 218/218 HPs)
             Began as a Merfolk Delver on Mar 26, 2024.
             Was a High Priest of Okawaru.
             Escaped with the Orb
             ... and 3 runes!
             The game lasted 01:31:01 (83057 turns).

ragingrage the Marksmerfolk (Merfolk Delver)       Turns: 83057, Time: 01:31:02

Health: 218/218    AC: 21    Str: 17    XL:     26   Next: 42%
Magic:  32/32      EV: 35    Int:  7    God:    Okawaru [*****.]
Gold:   1570       SH:  0    Dex: 29    Spells: 20/31 levels left

rFire   + + .        b - +8 longbow (freeze)
rCold   + . .        (shield currently unavailable)
rNeg    + . .        i - +2 ring mail of the Northern Lights {Str+4 Dex+4}
rPois   +            p - +2 hat of the Bear Spirit {Spirit, Bear, *Rage Will++}
rElec   +            G - +2 cloak {Stlth+}
rCorr   +            V - +1 pair of gloves "Eni Mev" {rElec rF+}
SInv    +            H - +1 pair of boots of Wisoehod {rElec rPois rC+}
Will    +++++        j - necklace of Bloodlust {Fury *Rage Will++ Int-3 Slay+6}
Stlth   +++          F - ring "Jeadas" {rN+ rCorr EV+5 SInv Stlth-}
HPRegen 0.56/turn    R - ring "Agho Zusch" {rF+ AC+4 Int+3 Slay+3 Stlth+}
MPRegen 0.23/turn

%: random rage (70%), guardian spirit
@: studying Maces & Flails
A: (nimble swimmer 2), mertail, deformed body, deterioration 1, dopey 2,
persistent drain
0: Orb of Zot
}: 3/15 runes: decaying, slimy, gossamer
a: Renounce Religion, Heroism, Finesse, Duel


You escaped.
You worshipped Okawaru.
Okawaru was extremely pleased with you.
You visited 10 branches of the dungeon, and saw 51 of its levels.
You visited 3 bazaars.
You also visited: Trove, Bailey and Volcano.

You collected 7695 gold pieces.
You spent 6125 gold pieces at shops.

Inventory:

Hand Weapons
 a - the +8 hand cannon of Pride {freeze, Int+3}
   (You took it off a gnoll in a bailey)

   Int+3:     It affects your intelligence (+3).
 b - a +8 longbow of freezing (weapon)
Missiles
 w - 2 throwing nets
 T - 25 silver javelins
 U - 6 curare-tipped darts
Armour
 i - the +2 ring mail of the Northern Lights (worn) {Str+4 Dex+4}
   (You bought it in a shop on level 7 of the Dungeon)

   Str+4:     It affects your strength (+4).
   Dex+4:     It affects your dexterity (+4).
 p - the +2 hat of the Bear Spirit (worn) {Spirit, Bear, *Rage Will++}
   (You bought it in a shop on level 2 of the Orcish Mines)

   Bear:      Going berserk makes the wearer exceptionally tough, and they are
   slowed for a shorter time afterward.
   Will++:    It greatly increases your willpower.
   *Rage:     It berserks you when you make melee attacks (+20% chance).
 G - a +2 cloak of stealth (worn)
 H - the +1 pair of boots of Wisoehod (worn) {rElec rPois rC+}
   (You acquired it on level 2 of the Vaults)

   rC+:       It protects you from cold.
   rElec:     It insulates you from electricity.
   rPois:     It protects you from poison.
 V - the +1 pair of gloves "Eni Mev" (worn) {rElec rF+}
   (Okawaru gifted it to you on level 3 of the Lair of Beasts)

   rF+:       It protects you from fire.
   rElec:     It insulates you from electricity.
Jewellery
 j - the necklace of Bloodlust (around neck) {Fury *Rage Will++ Int-3 Slay+6}
   (You found it in a treasure trove)

   [amulet of nothing]

   Fury:      It extends the wearer's berserk rage when killing foes.
   Int-3:     It affects your intelligence (-3).
   Slay+6:    It affects your accuracy & damage with ranged weapons and melee
   (+6).
   Will++:    It greatly increases your willpower.
   *Rage:     It berserks you when you make melee attacks (+50% chance).
 z - the dreamshard necklace {Acrobat *Dream}
   (You bought it in a shop on level 1 of the Vaults)

   [amulet of the acrobat]

   *Dream:    It absorbs a single lethal wound into itself, holding its wearer
   just short of death and releasing dream-creatures to guard them.
   Acrobat:   It increases your evasion while moving and waiting.
 F - the ring "Jeadas" (left hand) {rN+ rCorr EV+5 SInv Stlth-}
   (You took it off a deep elf knight on level 3 of the Elven Halls)

   [ring of evasion]

   EV+5:      It affects your evasion (+5).
   rN+:       It protects you from negative energy.
   SInv:      It lets you see invisible.
   rCorr:     It protects you from acid and corrosion.
   Stlth-:    It makes you less stealthy.
 R - the ring "Agho Zusch" (right hand) {rF+ AC+4 Int+3 Slay+3 Stlth+}
   (You took it off a deep elf elementalist on level 3 of the Elven Halls)

   [ring of protection]

   AC+4:      It affects your AC (+4).
   Int+3:     It affects your intelligence (+3).
   Slay+3:    It affects your accuracy & damage with ranged weapons and melee
   (+3).
   rF+:       It protects you from fire.
   Stlth+:    It makes you more stealthy.
 S - the ring of Puzout {rPois rF+ rC+ Slay+3}
   (You found it on level 13 of the Dungeon)

   [ring of protection from fire]

   Slay+3:    It affects your accuracy & damage with ranged weapons and melee
   (+3).
   rF+:       It protects you from fire.
   rC+:       It protects you from cold.
   rPois:     It protects you from poison.
Wands
 f - a wand of digging (17)
 l - a wand of paralysis (44)
 r - a wand of quicksilver (19)
 s - a wand of iceblast (38)
 L - a wand of mindburst (52)
Scrolls
 c - 5 scrolls of fog
 d - 2 scrolls of blinking
 e - 9 scrolls of fear
 h - 3 scrolls of torment
 m - 3 scrolls of silence
 n - 15 scrolls of teleportation
 q - a scroll of poison
 y - 5 scrolls of immolation
 B - 2 scrolls of revelation
 C - 4 scrolls of enchant armour
 D - 4 scrolls of noise
 M - 6 scrolls of vulnerability
Potions
 g - 6 potions of resistance
 k - 10 potions of attraction
 t - a potion of berserk rage
 v - 4 potions of brilliance
 x - 9 potions of haste
 E - 6 potions of enlightenment
 J - 5 potions of cancellation
 K - 2 potions of invisibility
 N - 7 potions of heal wounds
 O - 7 potions of lignification
 P - 6 potions of curing
 W - 5 potions of magic
 X - 6 potions of ambrosia
 Y - 9 potions of might
 Z - 10 potions of mutation
Miscellaneous
 u - a tin of tremorstones (2/2)
 I - a lightning rod (4/4)


   Skills:
 - Level 20.0 Fighting
 - Level 2.4 Short Blades
 - Level 20.5 Ranged Weapons
 + Level 15.6 Throwing
 - Level 12.0 Armour
 - Level 20.0 Dodging
 - Level 14.1 Stealth
 - Level 5.8 Shields
 - Level 3.0 Spellcasting
 - Level 9.0 Necromancy
 - Level 8.0 Ice Magic
 - Level 7.0 Earth Magic
 - Level 13.0 Invocations
 - Level 16.0 Evocations


You had 20 spell levels left.
You knew the following spells:

 Your Spells              Type           Power      Damage    Failure   Level
a - Fugue of the Fallen   Necr           13%        N/A       4%          3
b - Ozocubu's Armour      Ice            12%        N/A       6%          3
c - Borgnjor's Vile Clut  Necr/Erth      6%         N/A       50%         5

Your spell library contained the following spells:

 Spells                   Type           Power      Damage    Failure   Level
 Freeze                   Ice            48%        1d6       1%          1
 Sublimation of Blood     Necr           13%        N/A       1%          2
 Sandblast                Erth           20%        2d7       3%          1
 Frozen Ramparts          Ice            24%        1d4       6%          3
 Kiss of Death            Conj/Necr      28%        2d7       9%          1
 Passwall                 Erth           10%        N/A       9%          3
 Dispel Undead            Necr           13%        3d9       13%         4
 Ensorcelled Hibernation  Hex/Ice        12%        N/A       16%         2
 Cigotuvi's Dreadful Rot  Necr/Alch/Air  10%        N/A       24%         2
 Hailstorm                Conj/Ice       6%         3d5       30%         3
 Curse of Agony           Necr           13%        N/A       36%         5
 Apportation              Tloc           2%         N/A       47%         1
 Magic Dart               Conj           4%         1d3       47%         1
 Shock                    Conj/Air       4%         1d3       47%         1
 Sting                    Conj/Alch      4%         1d3       47%         1
 Blink                    Tloc           2%         N/A       63%         2
 Jinxbite                 Hex            2%         N/A       63%         2
 Lesser Beckoning         Tloc           2%         N/A       63%         2
 Mercury Vapours          Alch/Air       2%         N/A       63%         2
 Momentum Strike          Conj/Tloc      2%         3d8       63%         2
 Scorch                   Fire           2%         2d5       63%         2
 Searing Ray              Conj           2%         2d4       63%         2
 Anguish                  Hex/Necr       3%         N/A       63%         4
 Lee's Rapid Deconstruct  Erth           5%         3d6*      63%         5
 Petrify                  Alch/Erth      5%         N/A       77%         4
 Confusing Touch          Hex            1%         N/A       85%         3
 Dazzling Flash           Conj/Hex       2%         N/A       85%         3
 Gell's Gravitas          Tloc           1%         N/A       85%         3
 Mephitic Cloud           Conj/Alch/Air  1%         N/A       85%         3
 Swiftness                Air            1%         N/A       85%         3
 Teleport Other           Tloc           1%         N/A       85%         3
 Permafrost Eruption      Ice/Erth       5%         2x4d3     98%         6
 Airstrike                Air            0%         2d(1-17)  99%         4
 Flame Wave               Conj/Fire      1%         2d4       99%         4
 Fulminant Prism          Conj/Alch      0%         3d5       99%         4
 Ignite Poison            Fire/Alch      1%         N/A       99%         4
 Manifold Assault         Tloc           1%         N/A       99%         4
 Olgreb's Toxic Radiance  Alch           1%         N/A       99%         4
 Passage of Golubria      Tloc           1%         N/A       99%         4
 Freezing Cloud           Conj/Ice/Air   2%         6-21      99%         5
 Alistair's Intoxication  Alch           0%         N/A       100%        5
 Silence                  Hex/Air        0%         N/A       100%        5
 Yara's Violent Unravell  Hex/Alch       0%         3d3       100%        5
 Eringya's Noxious Bog    Alch           0%         4d6       100%        6
 Starburst                Conj/Fire      0%         6d3       100%        6
 Ozocubu's Refrigeration  Ice            6%         4d8       100%        7
 Borgnjor's Revivificati  Necr           6%         N/A       100%        8
 Fire Storm               Conj/Fire      0%         6d1       100%        9
 Animate Dead             Necr           Unusable   N/A       N/A         4
 Summon Ice Beast         Ice/Summ       Unusable   N/A       N/A         3
 Call Imp                 Summ           Unusable   N/A       N/A         2
 Animate Armour           Summ/Erth      Unusable   N/A       N/A         4
 Tukima's Dance           Hex            Unusable   N/A       N/A         3
 Summon Lightning Spire   Summ/Air       Unusable   N/A       N/A         4
 Summon Cactus Giant      Summ           Unusable   N/A       N/A         6
 Malign Gateway           Summ/Tloc      Unusable   N/A       N/A         7
 Monstrous Menagerie      Summ           Unusable   N/A       N/A         7

Dungeon Overview and Level Annotations

Branches:
Dungeon (15/15)            Temple (0/1) D:4            Lair (5/5) D:10
  Swamp (4/4) Lair:3       Spider (4/4) Lair:2        Slime (5/5) Lair:5
    Orc (2/2) D:11            Elf (3/3) Orc:2        Vaults (4/5) D:14
  Crypt (0/3) Vaults:2     Depths (4/4) D:15            Zot (5/5) Depths:4
 Bailey (visited)         Volcano (visited)

Altars:
Ashenzari
Dithmenos
Gozag
Hepliaklqana
Kikubaaqudgha
Nemelex Xobeh
Okawaru
Qazlal
Ru
Sif Muna
Trog
Uskayaw
Vehumet
Wu Jian
Yredelemnul
Zin
Jiyva

Shops:
D:7 [[   D:9 *   D:10 :   Orc:2 ?*![   Elf:1 ::=   Vaults:1 =   Vaults:4 (

Portals:
Hell: Depths:1 Depths:2 Depths:3 Depths:4
Abyss: Depths:3
Pandemonium: Depths:1 Depths:2 Depths:3 Depths:4
Ziggurat: Depths:1

Annotations:
D:4 1 exclusion, Edmund, Sigmund
D:6 4 runed translucent doors, Crazy Yiuf; avangion's ghost, novice DECj
D:10 1 runed translucent door
D:13 Boris
Swamp:2 exclusion: 3 lightning spires
Elf:2 3 runed translucent doors
Vaults:4 1 transporter
Depths:4 1 exclusion
Zot:2 exclusions: golden dragon and orb of fire
Zot:3 1 runed translucent door, exclusion: 2 upstairs, Emoisch's ghost, adept MiFi


Innate Abilities, Weirdness & Mutations

((You are very nimble when in or above water. (Stealth+, EV+, Speed+++)))
Your lower body shifts to a powerful aquatic tail in water.
Armour fits poorly on your strangely shaped body.
Your body sometimes deteriorates upon taking damage.
You are very dopey. (Int -4)
Your health recovers twice as slowly from being drained.


Message History

(N) Spider Nest (M) Slime Pits (O) Orcish Mines (E) Elven Halls (V) Vaults (C) Crypt (U) Depths (H) Hell (Z) Zot
Where to? (Tab/Enter - D:1 @ (x,y), ? - help)
There are monsters nearby!
You shoot an arrow. The arrow hits the ynoxinul!
You kill the ynoxinul!
Okawaru accepts your kill.
The ufetubus disappears in a puff of smoke!
No target in view!
No target in view!
No target in view!
(D) Dungeon (T) Temple (L) Lair (S) Swamp (N) Spider Nest (M) Slime Pits (O) Orcish Mines (E) Elven Halls (V) Vaults (C) Crypt (U) Depths (H) Hell (Z) Zot
Where to? (Tab/Enter - D:1 @ (x,y), ? - help)
There is a stone staircase leading up here.
You climb upwards.
There is a stone staircase leading down here.
An orange demon comes into view.
The orange demon moves out of view.
A Hell Sentinel comes into view.
The Hell Sentinel gestures at you.
The sphere of damnation explodes!
The damnation engulfs you!!
Blink to where?
Press: ? - help, Dir - move target
As you read the scroll of blinking, it crumbles to dust.
There is a stone staircase leading up here.
You climb upwards.
There is a stone staircase leading down here.
(D) Dungeon (T) Temple (L) Lair (S) Swamp (N) Spider Nest (M) Slime Pits (O) Orcish Mines (E) Elven Halls (V) Vaults (C) Crypt (U) Depths (H) Hell (Z) Zot
Where to? (Tab/Enter - D:1 @ (x,y), ? - help)
What level of the Dungeon? (default 1, ? - help)
You see here a stone.
There is a staircase leading out of the dungeon here.
You have escaped!

#................# #####
#..........##.####
######.....##.#
##.....##.### ##### #
#...........######...####
##.....######..##.###.##.
#.....#..##.#.#.###.####
#######....##.#..##.##..
#@(#####..#.#....#
#....###.##.#.####
#..##...##.###....
############ #####


There were no monsters in sight!

Vanquished Creatures
  the Royal Jelly (Slime:5)
  4 dread liches (Zot:5)
  2 ancient liches (Zot:5)
  5 orbs of fire
  Mara (Vaults:3)
  A juggernaut (Depths:4)
  Bai Suzhen (Swamp:3)
  Boris (twice) (Depths:2 Depths:3)
  3 Killer Klowns (Zot:5)
  A curse toe (Zot:1)
  Nikola (Vaults:1)
  5 golden dragons
  4 electric golems
  Arachne (Spider:2)
  A bone dragon (Swamp:4)
  Mlioglotl (Spider:1)
  Jorgrun (Swamp:3)
  Zenata (Vaults:3)
  2 walking crystal tomes
  9 tentacled monstrosities
  32 Orb Guardians
  3 liches
  A titan (Depths:2)
  6 quicksilver dragons
  A walking frostbound tome (Depths:2)
  A deep elf blademaster (Elf:3)
  3 deep elf master archers
  An ancient champion (Vaults:2)
  A sphinx (Vaults:3)
  21 acid blobs
  5 death cobs
  Agnes (Spider:3)
  10 storm dragons
  Kirke (D:12)
  3 tengu reavers
  A thorn hunter (Swamp:4)
  5 shadow dragons
  A storm dragon (shapeshifter) (Depths:2)
  12 azure jellies
  A fenstrider witch (Swamp:4)
  An azure jelly (shapeshifter) (Depths:2)
  2 draconian knights
  A protean progenitor (Zot:1)
  Donald (Swamp:3)
  3 draconian monks
  5 frost giants
  6 draconian shifters
  12 rockslimes
  Louise (Swamp:3)
  9 vault wardens
  8 fire giants
  4 draconian scorchers
  A balrug (Depths:1)
  7 emperor scorpions
  12 ghost moths
  13 deep elf elementalists
  7 deep elf sorcerers
  3 orc warlords
  The ghost of Jigsaw the Grappler, a journeyman DrDe of Gozag (D:11)
  2 ghouls (Swamp:4)
  2 draconian stormcallers
  3 iron dragons
  16 quicksilver oozes
  7 ironbound preservers
  A spriggan defender (Depths:3)
  8 stone giants
  A broodmother (Spider:4)
  11 formless jellyfish
  A very ugly thing (shapeshifter) (Depths:2)
  3 draconian annihilators
  9 very ugly things
  3 deep elf death magi
  4 eleionomae
  4 ironbound thunderhulks (Vaults:3)
  6 green draconians
  8 deep elf demonologists
  12 black draconians
  8 purple draconians
  6 white draconians
  3 dire elephants
  3 bunyips
  10 yellow draconians
  8 spark wasps
  A lorocyproca (Depths:4)
  7 deep elf annihilators
  2 war gargoyles (Vaults:4)
  A spark wasp (shapeshifter) (Depths:2)
  10 ettins
  5 red draconians
  6 fire dragons
  A shambling mangrove (Swamp:3)
  2 crystal guardians
  5 deep elf high priests
  3 jiangshi (Depths:4)
  2 entropy weavers
  Fannar (D:12)
  7 ice dragons
  2 salamander tyrants (Depths:2)
  10 yaktaur captains
  7 great orbs of eyes
  15 vault guards
  7 rakshasas
  2 juggernaut simulacra (Depths:2)
  4 radroaches
  A catoblepas (Lair:5)
  A hell beast (Depths:3)
  An ogre mage (D:15)
  A spriggan air mage (Depths:2)
  An alligator snapping turtle (shapeshifter) (Depths:2)
  3 peacekeepers (Vaults:4)
  Erica (Lair:1)
  7 hydras
  13 ironbound frosthearts
  3 anacondas (Zot:1)
  8 boulder beetles
  5 ghost crabs
  7 two-headed ogres
  11 dancing weapons
  16 centaur warriors
  2 deep troll shamans
  8 alligators
  15 death yaks
  3 orc high priests
  A vampire mage (Depths:4)
  Urug (Lair:5)
  3 deep troll earth magi
  2 tengu warriors (Depths:1)
  6 demonic crawlers
  3 hell knights (D:15)
  4 occultists
  2 spriggan berserkers (Depths:1)
  A sphinx skeleton (Vaults:2)
  Nergalle (Lair:3)
  A soul eater (Depths:4)
  A sun demon (D:9)
  A skyshark (Lair:3)
  18 deep elf knights
  11 skeletal warriors
  An iron troll (Depths:1)
  A spark wasp zombie (Depths:1)
  A sixfirhy (Depths:3)
  A goliath frog (Swamp:1)
  A shadow demon (Depths:3)
  10 orb spiders
  2 sun moths (Depths:2)
  A goliath frog (shapeshifter) (Depths:2)
  10 pharaoh ants
  3 spriggan druids
  10 bog bodies
  A steelbarb worm (shapeshifter) (Depths:1)
  3 glowing orange brains
  A spectral hydra (Swamp:4)
  2 flayed ghosts
  12 deep elf archers
  9 ironbound convokers
  12 lindwurms
  30 deep trolls
  5 arcanists
  13 orc knights
  22 deep elf zephyrmancers
  A shadow dragon zombie (Depths:1)
  A lightning spire (Swamp:2)
  2 alligator zombies (Swamp:4)
  3 spectral alligators (Swamp:4)
  20 deep elf pyromancers
  15 wolf spiders
  8 steelbarb worms
  5 thermic dynamos
  3 obsidian bats (Orc:1)
  2 necromancers
  2 shining eyes
  2 orc sorcerers
  21 ugly things
  4 cyclopes
  35 moths of wrath
  A manticore (D:11)
  An iron dragon skeleton (Vaults:2)
  3 will-o-the-wisps (Swamp:2)
  A toenail golem (D:9)
  17 elephants
  A stone giant skeleton (Depths:1)
  2 black mambas (Lair:1)
  An eye of devastation (Slime:5)
  8 kobold blastminers
  A meliai (Spider:4)
  15 vault sentinels
  3 smoke demons (Depths:1)
  11 cane toads
  5 molten gargoyles (Volcano)
  A gargoyle (D:12)
  4 torpor snails
  A cane toad (shapeshifter) (D:13)
  2 hellions
  10 komodo dragons
  29 yaktaurs
  2 rime drakes
  3 kobold demonologists (D:9)
  4 unseen horrors
  A swamp worm zombie (Swamp:4)
  A freezing wraith (D:15)
  4 efreet
  A yaktaur (shapeshifter) (D:15)
  3 hydra zombies (Swamp:4)
  Psyche (D:8)
  7 trolls
  8 tengu conjurers
  4 polar bears
  A yaktaur skeleton (Vaults:2)
  7 bloated husks
  Prince Ribbit (Lair:2)
  6 hornets
  25 tarantellas
  8 tyrant leeches
  4 dream sheep (Lair:3)
  7 blink frogs
  119 slime creatures
  2 spectral swamp dragons (Swamp:4)
  A glass eye (Slime:4)
  A ynoxinul (D:3)
  40 jumping spiders
  A shadow (D:9)
  6 water elementals
  21 culicivoras
  3 centaur simulacra (D:11)
  3 vampires (D:12)
  5 spriggans
  An ettin skeleton (Vaults:2)
  5 wyverns
  2 air elementals
  A yak (shapeshifter) (D:13)
  3 wraiths
  59 yaks
  An elf skeleton (Vaults:2)
  2 humans (D:12)
  2 tyrant leech zombies (Swamp:4)
  3 steam dragons
  7 golden eyes
  9 wargs (Orc:1)
  2 basilisks
  9 fire elementals
  5 hogs (D:12)
  54 redbacks
  A human (shapeshifter) (D:13)
  24 vampire mosquitoes
  A chaos spawn (Zot:1)
  A swamp worm (shapeshifter) (Depths:2)
  16 swamp worms
  An acid dragon (D:9)
  16 water moccasins
  45 orc warriors
  A glowing shapeshifter skeleton (Vaults:2)
  5 ice beasts
  A tengu skeleton (Depths:1)
  5 swamp drakes
  2 sky beasts (D:6)
  A meliai simulacrum (D:11)
  6 black bears
  6 ogres
  2 laughing skulls (D:15)
  4 swamp dragon zombies (Swamp:4)
  17 wolves
  5 boggarts (Vaults:2)
  12 centaurs
  4 phantoms
  2 kobold brigands (D:9)
  3 earth elementals
  5 human skeletons (Vaults:2)
  12 bullfrogs
  5 scorpions
  5 wights
  7 killer bees
  13 electric eels
  7 howler monkeys
  6 hounds
  14 jellies
  18 orc priests
  A sleepcap (D:8)
  Natasha (thrice) (D:4)
  6 iguanas
  19 orc wizards
  8 gnolls
  5 adders
  4 white imps
  2 ufetubi (D:7)
  52 orcs
  3 bats
  3 endoplasms
  4 giant cockroaches
  10 goblins
  8 hobgoblins
  15 kobolds
  6 quokkas
  5 ball pythons
  2 frilled lizards
  A quokka zombie (D:6)
  4 rats
  A rat zombie (D:6)
1948 creatures vanquished.

Vanquished Creatures (collateral kills)
  2 fire giants (Depths:2)
  An azure jelly (Slime:1)
  An iron dragon (Depths:2)
  A stone giant (Depths:3)
  A formless jellyfish (Slime:4)
  2 very ugly things (Depths:3)
  A white draconian (Depths:4)
  A deep elf annihilator (Depths:2)
  A spark wasp (Depths:4)
  A purple draconian (Depths:4)
  A blizzard demon (Depths:2)
  An ettin (Depths:3)
  A fire dragon (Depths:2)
  2 rakshasas
  An arcanist (D:14)
  A thermic dynamo (Depths:2)
  7 ugly things
  16 slime creatures
  An efreet (D:12)
  A tengu conjurer (Depths:2)
  2 blink frogs (Lair:1)
  2 centaurs (D:15)
  A howler monkey (D:13)
49 creatures vanquished.

Vanquished Creatures (others)
  A fire giant (D:13)
  A frost giant (Depths:2)
  2 very ugly things (Depths:3)
  A centaur warrior (D:14)
  An ironbound frostheart (Vaults:1)
  A spriggan druid (Swamp:4)
  A sun moth (Depths:2)
  An arcanist (D:9)
  2 ugly things (Depths:3)
  A wolf spider (Spider:3)
  2 bloated husks
  A blink frog (Lair:1)
  A slime creature (Slime:1)
  A vampire mosquito (D:12)
  A wolf (Lair:1)
  3 phantoms (Swamp:4)
  An orc (Orc:2)
22 creatures vanquished.

Grand Total: 2019 creatures vanquished

Notes
Turn   | Place    | Note
-------+----------+-------------------------------------------
     0 | D:5      | ragingrage the Merfolk Delver began the quest for the Orb.
     0 | D:5      | Reached XP level 1. HP: 18/18 MP: 1/1
    10 | D:5      | Noticed an iguana
    11 | D:5      | Noticed an iguana
    21 | D:5      | Noticed a hound
    30 | D:6      | Noticed a phantom
    30 | D:6      | Found a shadowy altar of Dithmenos.
    40 | D:6      | Noticed an iguana
    42 | D:6      | Killed an iguana
    43 | D:6      | Reached XP level 2. HP: 24/24 MP: 2/2
    43 | D:6      | Reached XP level 3. HP: 29/29 MP: 3/3
    45 | D:6      | Noticed a black bear
    49 | D:6      | Killed a black bear
    49 | D:6      | Noticed a scorpion
    50 | D:6      | Reached XP level 4. HP: 35/35 MP: 4/4
    52 | D:6      | Found an iron altar of Okawaru.
    59 | D:6      | Became a worshipper of Warmaster Okawaru
    66 | D:6      | Noticed a centaur
   101 | D:5      | Reached XP level 5. HP: 41/41 MP: 5/5
   118 | D:5      | Reached XP level 6. HP: 47/47 MP: 6/6
   141 | D:5      | Reached skill level 5 in Ranged Weapons
   293 | D:5      | Noticed a black bear
   302 | D:5      | Killed a black bear
   302 | D:5      | Reached * piety under Okawaru
   566 | D:4      | Found a staircase to the Ecumenical Temple.
   600 | D:4      | Reached XP level 7. HP: 50/52 MP: 7/7
   683 | D:4      | Noticed Natasha
   687 | D:4      | Killed Natasha
   726 | D:4      | Noticed Edmund
   742 | D:4      | Noticed Sigmund
  2789 | D:3      | Found a sparkling altar of Nemelex Xobeh.
  2848 | D:4      | Noticed Natasha
  2856 | D:4      | Killed Natasha
  2879 | D:4      | Noticed Natasha
  2882 | D:4      | Killed Natasha
  2909 | D:4      | Reached XP level 8. HP: 58/58 MP: 8/8
  2945 | D:4      | Found a broken altar of Ashenzari.
  3176 | D:5      | Found an ornate altar of the Wu Jian Council.
  3176 | D:5      | Found a stormy altar of Qazlal.
  3200 | D:5      | Reached ** piety under Okawaru
  3269 | D:5      | Found a hazy altar of Hepliaklqana.
  3761 | D:6      | Reached *** piety under Okawaru
  3827 | D:6      | Reached XP level 9. HP: 52/64 MP: 9/9
  4037 | D:6      | Found a runed translucent door.
  4038 | D:6      | Noticed Crazy Yiuf
  4261 | D:6      | Found a runed translucent gate.
  4262 | D:6      | Found a runed translucent gate.
  4263 | D:6      | Found a runed translucent gate.
  4308 | D:6      | Noticed avangion's ghost (novice DECj)
  4471 | D:6      | Reached skill level 10 in Ranged Weapons
  4927 | D:7      | Found a hide-covered altar of Uskayaw.
  4956 | D:7      | Found Wigguoth's Armour Emporium.
  4963 | D:7      | Bought a +0 pair of gloves for 54 gold pieces
  4988 | D:7      | Found a flagged portal.
  5060 | Bailey   | Entered a bailey
  5116 | Bailey   | Noticed an orc knight
  5157 | Bailey   | Killed an orc knight
  5157 | Bailey   | Reached **** piety under Okawaru
  5212 | Bailey   | Noticed an orc knight
  5398 | Bailey   | Reached XP level 10. HP: 70/70 MP: 10/10
  5435 | Bailey   | Killed an orc knight
  5505 | Bailey   | Found an iron altar of Okawaru.
  5508 | Bailey   | Noticed an orc sorcerer
  6083 | Bailey   | Noticed an orc high priest
  6093 | Bailey   | Noticed a rust devil
  6118 | Bailey   | Noticed a smoke demon
  6137 | Bailey   | Noticed an orc knight
  6141 | Bailey   | Identified the +8 hand cannon of Pride {freeze, Int+3}
  6188 | Bailey   | Killed an orc sorcerer
  6188 | Bailey   | Reached ***** piety under Okawaru
  6211 | Bailey   | Killed an orc knight
  6283 | Bailey   | Acquired a manual of Fighting
  6542 | Bailey   | Killed an orc high priest
  6542 | Bailey   | Received a gift from Okawaru
  6543 | Bailey   | Reached skill level 5 in Fighting
  6889 | D:7      | Found a sacrificial altar of Ru.
  7131 | D:7      | Found Nyocwuomm's Antique Armour Shoppe.
  7135 | D:7      | Bought a crude ring mail for 243 gold pieces
  7135 | D:7      | Identified the +2 ring mail of the Northern Lights {Str+4
                  | Dex+4} (You bought it in a shop on level 7 of the Dungeon)
  7420 | D:8      | Received a gift from Okawaru
  7421 | D:8      | Reached XP level 11. HP: 83/84 MP: 11/11
  8370 | D:9      | Received a gift from Okawaru
  8373 | D:9      | Reached skill level 10 in Fighting
  8553 | D:8      | Noticed Psyche
  8554 | D:8      | Killed Psyche
  8652 | D:8      | Identified the +6 short sword of the Rattlesnake {heavy,
                  | rElec rCorr Int+3}
  9285 | D:9      | Found Qowkim's General Store.
  9289 | D:9      | Bought a scroll of teleportation for 42 gold pieces
  9289 | D:9      | Bought a scroll of immolation for 56 gold pieces
  9487 | D:9      | Found a bloodstained altar of Trog.
  9490 | D:9      | Noticed a wizard
  9495 | D:9      | Killed a wizard
  9885 | D:9      | Found an opulent altar of Gozag.
  9961 | D:10     | Entered Level 10 of the Dungeon
  9972 | D:10     | Found Aqeklul's Self-Published Books.
 10033 | D:10     | Found Voge's Book Shop.
 10362 | D:10     | Found a staircase to the Lair.
 10390 | D:10     | Received a gift from Okawaru
 10595 | D:10     | Found a glowing silver altar of Zin.
 10670 | D:10     | Found an ancient bone altar of Kikubaaqudgha.
 10823 | D:10     | Found a runed translucent door.
 10830 | D:10     | Noticed a fire crab
 10881 | D:11     | Reached XP level 12. HP: 103/103 MP: 12/12
 10885 | D:11     | Noticed a two-headed ogre
 11170 | D:11     | Killed a two-headed ogre
 11309 | D:11     | Noticed Jigsaw's ghost (journeyman DrDe)
 11348 | D:11     | Found a staircase to the Orcish Mines.
 11434 | D:11     | Found a runed translucent gate.
 11434 | D:11     | Found a runed translucent gate.
 11435 | D:11     | Found a runed translucent gate.
 11667 | Lair:1   | Entered Level 1 of the Lair of Beasts
 11686 | Lair:1   | Received a gift from Okawaru
 12075 | Lair:1   | Noticed Erica
 12080 | Lair:1   | Killed Erica
 12081 | Lair:1   | Reached skill level 15 in Fighting
 12081 | Lair:1   | Reached skill level 15 in Ranged Weapons
 12463 | Lair:1   | Received a gift from Okawaru
 12536 | Lair:1   | Found a shimmering blue altar of Sif Muna.
 12876 | Lair:2   | Reached skill level 5 in Dodging
 12876 | Lair:2   | Noticed Prince Ribbit
 12886 | Lair:2   | Killed Prince Ribbit
 12934 | Lair:2   | Reached XP level 13. HP: 115/115 MP: 13/13
 13077 | Lair:2   | Found a hole to the Spider Nest.
 14035 | Lair:3   | Noticed Nergalle
 14040 | Lair:3   | Killed Nergalle
 14040 | Lair:3   | Received a gift from Okawaru
 14444 | Lair:3   | Reached ****** piety under Okawaru
 14445 | Lair:3   | Acquired the +1 pair of gloves "Eni Mev" {rElec rF+}
 14445 | Lair:3   | Received a gift from Okawaru
 15211 | Lair:3   | Noticed Nessos
 15213 | Lair:3   | Nessos changed into Nessos the wyvern
 15213 | Lair:3   | Noticed Nessos
 15214 | Lair:3   | Killed Nessos the wyvern
 15334 | Lair:3   | Received a gift from Okawaru
 15946 | Lair:3   | Found a staircase to the Swamp.
 16363 | Lair:3   | Reached XP level 14. HP: 9/123 MP: 6/14
 16365 | Lair:3   | HP: 3/123 [death yak (18)]
 16368 | Lair:3   | Reached skill level 10 in Dodging
 16795 | Lair:3   | Acquired a +2 heavy arbalest
 16795 | Lair:3   | Received a gift from Okawaru
 17136 | Lair:3   | Received a gift from Okawaru
 17848 | Lair:5   | Entered Level 5 of the Lair of Beasts
 17856 | Lair:5   | Noticed a quicksilver ooze
 17858 | Lair:5   | Noticed an azure jelly
 17860 | Lair:5   | Noticed a quicksilver ooze
 17861 | Lair:5   | Noticed a quicksilver ooze
 17905 | Lair:5   | Killed a quicksilver ooze
 17907 | Lair:5   | Killed a quicksilver ooze
 17908 | Lair:5   | Reached skill level 1 in Armour
 17908 | Lair:5   | Reached skill level 1 in Invocations
 17914 | Lair:5   | Noticed an azure jelly
 17915 | Lair:5   | Noticed a quicksilver ooze
 17916 | Lair:5   | Reached skill level 1 in Evocations
 17925 | Lair:4   | Killed a quicksilver ooze
 17944 | Lair:5   | Noticed a quicksilver ooze
 17948 | Lair:5   | Killed a quicksilver ooze
 17954 | Lair:4   | Killed a quicksilver ooze
 18026 | Lair:5   | Killed an azure jelly
 18060 | Lair:5   | Killed an azure jelly
 18365 | Lair:5   | Received a gift from Okawaru
 18371 | Lair:5   | Noticed an azure jelly
 18380 | Lair:4   | Killed an azure jelly
 18505 | Lair:5   | Noticed Urug
 18509 | Lair:5   | Killed Urug
 18602 | Lair:5   | Noticed a dire elephant
 18949 | Lair:5   | Found a viscous altar of Jiyva.
 18949 | Lair:5   | Found a staircase to the Slime Pits.
 18991 | Lair:4   | Received a gift from Okawaru
 19629 | Lair:5   | Reached XP level 15. HP: 129/129 MP: 18/18
 20118 | Lair:5   | Found a viscous altar of Jiyva.
 20119 | Lair:5   | Found a staircase to the Slime Pits.
 20746 | Orc:1    | Entered Level 1 of the Orcish Mines
 20752 | Orc:1    | Reached skill level 5 in Invocations
 20841 | Orc:1    | Found a dark tunnel.
 20876 | Volcano  | Entered a volcano
 20876 | Volcano  | Found a blossoming altar of Fedhas.
 20894 | Volcano  | Received a gift from Okawaru
 21114 | Volcano  | Reached skill level 5 in Evocations
 21743 | Orc:2    | Entered Level 2 of the Orcish Mines
 21760 | Orc:1    | Received a gift from Okawaru
 22136 | Orc:1    | Reached skill level 5 in Armour
 22590 | Orc:2    | Found a flickering gateway to a bazaar.
 22599 | Bazaar   | Entered a bazaar
 22608 | Bazaar   | Found Eblikaod's Antique Weapon Emporium.
 22621 | Bazaar   | Found Codug's Antique Weapon Shoppe.
 22638 | Bazaar   | Found Jowkirr's Antique Armour Shoppe.
 22649 | Bazaar   | Found Ufyihy's Antique Armour Emporium.
 23151 | Orc:2    | Found a staircase to the Elven Halls.
 23307 | Orc:2    | Found Guteutt's Distillery.
 23307 | Orc:2    | Found Enlihisch's General Store.
 23307 | Orc:2    | Found Lyssane's Magic Scroll Boutique.
 23310 | Orc:2    | Found Luterum's Armour Emporium.
 23314 | Orc:2    | Bought a potion of attraction for 36 gold pieces
 23317 | Orc:2    | Bought a scroll of fear for 44 gold pieces
 23317 | Orc:2    | Bought a scroll of fear for 44 gold pieces
 23322 | Orc:2    | Bought the +2 hat of the Bear Spirit {Spirit, Bear, *Rage
                  | Will++} for 523 gold pieces
 23322 | Orc:2    | Found the +2 hat of the Bear Spirit {Spirit, Bear, *Rage
                  | Will++}
 23534 | D:12     | Noticed Fannar
 23540 | D:12     | Killed Fannar
 23583 | D:12     | Noticed Kirke
 23591 | D:12     | Noticed a sphinx
 23602 | D:12     | Killed Kirke
 23602 | D:12     | Received a gift from Okawaru
 24097 | D:12     | Identified the +6 great mace of Lererul {elec, *Slow Int+5
                  | SInv}
 25335 | D:13     | Reached XP level 16. HP: 85/136 MP: 13/22
 26110 | D:13     | Got the Compendium of Cooperative Malignant Arts
 26125 | D:13     | Received a gift from Okawaru
 26126 | D:13     | Identified the ring of Puzout {rPois rF+ rC+ Slay+3}
 26145 | D:13     | Identified the +11 mace "Worm" {venom, rElec Int+4}
 27292 | D:14     | Found a radiant altar of Vehumet.
 27514 | D:14     | Found a gate to the Vaults.
 27637 | D:15     | Entered Level 15 of the Dungeon
 28246 | D:15     | Received a gift from Okawaru
 28254 | D:15     | Reached skill level 10 in Invocations
 28303 | D:15     | Reached skill level 1 in Shields
 28860 | D:15     | Found a staircase to the Depths.
 29545 | D:15     | Found a basalt altar of Yredelemnul.
 30273 | Swamp:1  | Entered Level 1 of the Swamp
 30329 | Swamp:1  | Received a gift from Okawaru
 30990 | Swamp:1  | Reached XP level 17. HP: 120/142 MP: 19/24
 31407 | Swamp:2  | Reached skill level 10 in Stealth
 31818 | Swamp:2  | Identified the +2 trident of Xotakh {flame, rElec}
 31922 | Swamp:3  | Noticed Jorgrun
 31933 | Swamp:3  | Killed Jorgrun
 31933 | Swamp:3  | Received a gift from Okawaru
 32035 | Swamp:3  | Reached skill level 5 in Shields
 32050 | Swamp:3  | Noticed Donald
 32055 | Swamp:3  | Killed Donald
 32060 | Swamp:3  | Identified the -1 tower shield of Impatience {Harm Int+2}
 32120 | Swamp:3  | Noticed Louise
 32123 | Swamp:3  | Noticed Bai Suzhen
 32141 | Swamp:3  | Killed Bai Suzhen
 32151 | Swamp:3  | Killed Louise
 32157 | Swamp:3  | Reached skill level 15 in Dodging
 32167 | Swamp:3  | Received a gift from Okawaru
 32465 | Swamp:4  | Entered Level 4 of the Swamp
 32611 | Swamp:4  | Received a gift from Okawaru
 32739 | Swamp:4  | Reached skill level 10 in Armour
 33645 | Swamp:4  | Noticed a bone dragon
 33657 | Swamp:4  | Killed a bone dragon
 33668 | Swamp:4  | Got a decaying rune of Zot
 34063 | Spider:1 | Entered Level 1 of the Spider Nest
 34229 | Lair:2   | Received a gift from Okawaru
 34261 | Spider:1 | Reached XP level 18. HP: 140/149 MP: 25/25
 34944 | Spider:1 | Noticed Mlioglotl
 34954 | Spider:1 | Killed Mlioglotl
 35371 | Spider:2 | Received a gift from Okawaru
 36391 | Spider:3 | Received a gift from Okawaru
 36658 | Spider:3 | Noticed Agnes
 36665 | Spider:3 | Killed Agnes
 36932 | Spider:3 | Got Sif Muna's Incunabulum of Resurrection and Portals
 36968 | Spider:3 | Noticed Arachne
 37234 | Spider:2 | Killed Arachne
 38671 | Spider:4 | Entered Level 4 of the Spider Nest
 38839 | Spider:4 | Received a gift from Okawaru
 39627 | Spider:4 | Reached XP level 19. HP: 161/161 MP: 26/26
 39638 | Spider:4 | Reached skill level 10 in Evocations
 40077 | Spider:4 | Received a gift from Okawaru
 41291 | Spider:4 | Received a gift from Okawaru
 41915 | Spider:4 | Got a gossamer rune of Zot
 42305 | Vaults:1 | Entered Level 1 of the Vaults
 42978 | Vaults:1 | Received a gift from Okawaru
 43326 | Vaults:1 | Noticed Nikola
 43355 | Vaults:1 | Killed Nikola
 44004 | Vaults:1 | Found Onnusoq's Jewellery Shoppe.
 44262 | Vaults:2 | Acquired the +1 pair of boots of Wisoehod {rElec rPois rC+}
 44388 | Vaults:2 | Received a gift from Okawaru
 44720 | Vaults:2 | Found a staircase to the Crypt.
 44830 | Vaults:2 | Reached XP level 20. HP: 175/175 MP: 27/27
 45320 | Vaults:2 | Received a gift from Okawaru
 45721 | Vaults:2 | Got the Omnibus of Erosion
 46407 | Vaults:3 | Received a gift from Okawaru
 46626 | Elf:1    | Entered Level 1 of the Elven Halls
 46856 | Elf:1    | Found Jacre's Book Boutique.
 46859 | Elf:1    | Found Xaefei's Jewellery Shoppe.
 46860 | Elf:1    | Found Foesoog's Book Boutique.
 47114 | Elf:1    | Found a portal to a secret trove of treasure.
 47208 | Elf:1    | Received a gift from Okawaru
 47394 | Elf:1    | Learned a level 3 spell: Fugue of the Fallen
 47785 | Elf:2    | Received a gift from Okawaru
 47788 | Elf:2    | Reached skill level 1 in Necromancy
 48308 | Elf:2    | Found an ancient bone altar of Kikubaaqudgha.
 48309 | Elf:2    | Found an ancient bone altar of Kikubaaqudgha.
 48482 | Elf:2    | Found a runed translucent gate.
 48482 | Elf:2    | Found a runed translucent gate.
 48482 | Elf:2    | Found a runed translucent gate.
 48513 | Elf:2    | Identified the staff of Outrage {rF+ MP+9 Int+3 Tloc Earth}
 48752 | Elf:3    | Entered Level 3 of the Elven Halls
 48818 | Elf:3    | Received a gift from Okawaru
 49068 | Elf:3    | Reached XP level 21. HP: 157/183 MP: 25/29
 49775 | Elf:3    | Identified the +2 scale mail of Ximucoh {Int+4}
 49784 | Elf:3    | Received a gift from Okawaru
 49815 | Elf:3    | Identified the ring "Agho Zusch" {rF+ AC+4 Int+3 Slay+3
                  | Stlth+}
 50259 | Elf:3    | Identified the ring "Jeadas" {rN+ rCorr EV+5 SInv Stlth-}
 50932 | Elf:3    | Received a gift from Okawaru
 51045 | Elf:3    | Identified the +5 sling of the Wolf {freeze, rPois rN++
                  | Will- Stlth+}
 51055 | Elf:3    | Identified the staff of Macuudwen {rN+ Int+2 Necro Alchemy}
 51401 | Vaults:3 | Reached skill level 15 in Evocations
 51793 | Vaults:3 | Identified the amulet "Gori" {Fly rN+ RegenMP+ Str+2}
 51919 | Vaults:3 | Identified the +0 robe of Untruth {rElec}
 52056 | Vaults:3 | Noticed Mara
 52074 | Vaults:3 | Killed Mara
 52074 | Vaults:3 | Received a gift from Okawaru
 52336 | Vaults:3 | Reached skill level 5 in Necromancy
 52492 | Vaults:3 | Noticed Zenata
 52685 | Vaults:3 | Killed Zenata
 52790 | Vaults:3 | Identified the +5 demon trident of Yskighae {freeze, Dex+3}
 53195 | Vaults:4 | Reached XP level 22. HP: 190/190 MP: 31/31
 53305 | Vaults:4 | Found a transporter.
 53514 | Vaults:4 | Found Neixyoz's Weapon Boutique.
 54557 | Vaults:1 | Bought the dreamshard necklace {Acrobat *Dream} for 3400
                  | gold pieces
 54557 | Vaults:1 | Found the dreamshard necklace {Acrobat *Dream}
 54573 | Vaults:1 | Learned a level 5 spell: Borgnjor's Vile Clutch
 54763 | Depths:1 | Entered Level 1 of the Depths
 54991 | Depths:1 | Found a one-way gateway to a ziggurat.
 55007 | Depths:1 | Received a gift from Okawaru
 55219 | Depths:1 | Identified the +5 rapier of Yredelemnul's Anger {vamp,
                  | rPois rC- Str+4}
 55305 | Depths:1 | Found a one-way gate leading to the halls of Pandemonium.
 56256 | Depths:1 | Found a gateway to Hell.
 56324 | Depths:1 | Found a hazy altar of Hepliaklqana.
 56599 | Depths:2 | Received a gift from Okawaru
 57927 | Depths:2 | Identified the +4 robe of the Swamp {Fly Will++ Dex+3}
 57927 | Depths:2 | Noticed Boris
 58061 | Depths:2 | Killed Boris
 58128 | Depths:2 | Received a gift from Okawaru
 58763 | Depths:2 | Got Sif Muna's Anthology of Gelid Flames
 58767 | Depths:2 | Got the Incunable of Embers and Graupel
 58772 | Depths:2 | Learned a level 3 spell: Ozocubu's Armour
 58772 | Depths:2 | Identified the staff "Cotto" {rPois rF+ rN+ Fire}
 59083 | Depths:3 | Reached XP level 23. HP: 188/196 MP: 30/32
 59100 | Depths:3 | Reached skill level 1 in Ice Magic
 59170 | Depths:3 | Identified the +4 robe "Moun" {Fly Int+3}
 59170 | Depths:3 | Noticed Boris
 59181 | Depths:3 | Killed Boris
 59193 | Depths:3 | Found a flickering gateway to a bazaar.
 59222 | Bazaar   | Entered a bazaar
 59284 | Bazaar   | Found Ofeen's Magic Scroll Boutique.
 59288 | Bazaar   | Found Eficank's Antique Armour Boutique.
 59288 | Bazaar   | Found Ekoacsov's Weapon Boutique.
 59289 | Bazaar   | Found Exuuroj's Distillery.
 59304 | Bazaar   | Bought a potion of cancellation for 72 gold pieces
 59304 | Bazaar   | Bought a potion of curing for 27 gold pieces
 59304 | Bazaar   | Bought a potion of curing for 27 gold pieces
 59304 | Bazaar   | Bought 2 potions of heal wounds for 90 gold pieces
 59322 | Bazaar   | Bought a scroll of teleportation for 24 gold pieces
 59322 | Bazaar   | Bought a scroll of teleportation for 24 gold pieces
 59322 | Bazaar   | Bought a scroll of enchant armour for 60 gold pieces
 59322 | Bazaar   | Bought a scroll of teleportation for 24 gold pieces
 59608 | Depths:3 | Found a one-way gate to the infinite horrors of the Abyss.
 59679 | Depths:3 | Received a gift from Okawaru
 59826 | Depths:4 | Entered Level 4 of the Depths
 59879 | Depths:4 | Noticed a juggernaut
 59891 | Depths:4 | Killed a juggernaut
 59892 | Depths:4 | Reached skill level 5 in Ice Magic
 60417 | Depths:4 | Received a gift from Okawaru
 60467 | Depths:4 | Found a gate to the Realm of Zot.
 60504 | Depths:4 | Found a flickering gateway to a bazaar.
 60513 | Bazaar   | Entered a bazaar
 60657 | Bazaar   | Found Acuneodd's Magic Scroll Emporium.
 60673 | Bazaar   | Found Utukuta's Jewellery Emporium.
 60673 | Bazaar   | Found Omuttuw's Book Shoppe.
 60695 | Bazaar   | Found Uwkeecsi's Book Emporium.
 60695 | Bazaar   | Found Boczicij's Distillery.
 60717 | Bazaar   | Found Bygis's Jewellery Shoppe.
 60796 | Bazaar   | Bought a scroll of acquirement for 780 gold pieces
 60796 | Bazaar   | Acquired 835 gold pieces
 60798 | Bazaar   | Bought a scroll of teleportation for 45 gold pieces
 60798 | Bazaar   | Bought a scroll of blinking for 112 gold pieces
 60798 | Bazaar   | Bought a scroll of revelation for 112 gold pieces
 60828 | Bazaar   | Bought a potion of haste for 110 gold pieces
 60828 | Bazaar   | Bought a potion of cancellation for 88 gold pieces
 60828 | Bazaar   | Bought a potion of cancellation for 88 gold pieces
 60958 | Depths:4 | Reached skill level 1 in Spellcasting
 61828 | Slime:1  | Entered Level 1 of the Pits of Slime
 62082 | Slime:1  | Reached skill level 1 in Throwing
 63463 | Slime:2  | Reached skill level 5 in Throwing
 64266 | Slime:3  | Received a gift from Okawaru
 64298 | Slime:3  | Paralysed by a formless jellyfish for 1 turns
 64301 | Slime:3  | Reached XP level 24. HP: 150/204 MP: 22/32
 65630 | Slime:4  | Gained mutation: Armour fits poorly on your strangely
                  | shaped body. [a shining eye]
 65631 | Slime:4  | Gained mutation: You sometimes lose your temper in combat.
                  | [a shining eye]
 66746 | Slime:5  | Entered Level 5 of the Pits of Slime
 66859 | Slime:5  | Noticed the Royal Jelly
 66873 | Slime:5  | Killed the Royal Jelly
 66873 | Slime:5  | Received a gift from Okawaru
 67023 | Slime:5  | Reached skill level 10 in Throwing
 67158 | Slime:5  | Identified the +5 spear of Gurry {flame, rN+ Will++}
 67651 | Slime:5  | Identified the orb of the Engineer {*Rage, rPois Tloc}
 68158 | Slime:5  | Got a slimy rune of Zot
 68757 | Zot:1    | Entered Level 1 of the Realm of Zot
 70106 | Zot:1    | Received a gift from Okawaru
 70559 | Zot:1    | Noticed a curse toe
 70953 | Zot:1    | You fall into a shaft and drop 1 floor!
 71403 | Zot:1    | Killed a curse toe
 72191 | Zot:2    | Noticed an orb of fire
 72196 | Zot:2    | Gained mutation: Your health recovers twice as slowly from
                  | being drained. [an orb of fire]
 72203 | Zot:2    | Gained mutation: You are vulnerable to heat. (rF-) [an orb
                  | of fire]
 72219 | Zot:2    | Killed an orb of fire
 72710 | Zot:2    | Received a gift from Okawaru
 73473 | Zot:2    | Noticed an orb of fire
 73616 | Zot:2    | Reached XP level 25. HP: 200/210 MP: 30/32
 74160 | Zot:3    | Found a runed translucent door.
 74383 | Zot:3    | Noticed Emoisch's ghost (adept MiFi)
 74499 | Zot:3    | Reached skill level 1 in Earth Magic
 74560 | Zot:3    | Received a gift from Okawaru
 76193 | D:11     | Killed Jigsaw's ghost
 76737 | Elf:1    | You paid a toll of +6 fire dragon scales to enter a
                  | treasure trove
 76738 | Trove    | Entered a treasure trove
 76740 | Trove    | Found the necklace of Bloodlust {Fury *Rage Will++ Int-3
                  | Slay+6}
 76742 | Trove    | Identified the ring "Ypag" {Fly rPois Stlth+}
 76745 | Trove    | Identified the amulet "Tiysaudgh" {Regen+ RegenMP+ Int+5}
 76749 | Trove    | Identified the amulet of Xiepeat {Faith Rampage *Slow
                  | Str+3}
 76751 | Trove    | Identified the amulet of Moral Flaws {Spirit rF- Regen+
                  | Int+5}
 76753 | Trove    | Identified the ring of Tyv Qiaf {rCorr Str+6 Int+3 Stlth+}
 76757 | Trove    | Identified the amulet "Kose" {Faith Int+3}
 76762 | Trove    | Identified the amulet "Usorul" {Spirit rF++ Str-5}
 76766 | Trove    | Identified the amulet "Ucamme Vecs" {Acrobat +Inv rPois}
 77796 | Zot:5    | Entered Level 5 of the Realm of Zot
 77961 | Zot:5    | Found a transporter.
 78053 | Zot:5    | Found a transporter.
 78223 | Zot:4    | Received a gift from Okawaru
 79484 | Zot:5    | Noticed an orb of fire
 79487 | Zot:5    | Gained mutation: You are dopey. (Int -2) [an orb of fire]
 79491 | Zot:5    | Gained mutation: You occasionally lose the ability to read
                  | scrolls when taking damage. [an orb of fire]
 79499 | Zot:5    | Killed an orb of fire
 79503 | Zot:5    | Lost mutation: You occasionally lose the ability to read
                  | scrolls when taking damage. [potion of mutation]
 79503 | Zot:5    | Lost mutation: You are dopey. (Int -2) [potion of mutation]
 79503 | Zot:5    | Lost mutation: You are vulnerable to heat. (rF-) [potion of
                  | mutation]
 79503 | Zot:5    | Gained mutation: Your body sometimes deteriorates upon
                  | taking damage. [potion of mutation]
 79555 | Zot:5    | Noticed an ancient lich
 79563 | Zot:5    | Killed an ancient lich
 79564 | Zot:5    | Noticed a Killer Klown
 79572 | Zot:5    | Killed a Killer Klown
 79657 | Zot:5    | Noticed a dread lich
 79664 | Zot:5    | Noticed an orb of fire
 79665 | Zot:5    | Killed a dread lich
 79666 | Zot:5    | Gained mutation: You are dopey. (Int -2) [an orb of fire]
 79680 | Zot:5    | Gained mutation: You are very dopey. (Int -4) [an orb of
                  | fire]
 79683 | Zot:5    | Killed an orb of fire
 79684 | Zot:5    | Reached skill level 5 in Earth Magic
 79911 | Zot:5    | Noticed an orb of fire
 79930 | Zot:5    | Lost mutation: You sometimes lose your temper in combat.
                  | [an orb of fire]
 79931 | Zot:5    | Killed an orb of fire
 80012 | Zot:5    | Noticed an orb of fire
 80012 | Zot:5    | Noticed a dread lich
 80058 | Zot:5    | Killed a dread lich
 80058 | Zot:5    | Received a gift from Okawaru
 80116 | Zot:5    | Killed an orb of fire
 80137 | Zot:5    | Noticed a dread lich
 80148 | Zot:5    | Killed a dread lich
 80420 | Zot:5    | Noticed an ancient lich
 80436 | Zot:5    | Killed an ancient lich
 80437 | Zot:5    | Reached XP level 26. HP: 215/218 MP: 26/32
 80766 | Zot:5    | Noticed a Killer Klown
 80776 | Zot:5    | Killed a Killer Klown
 80777 | Zot:5    | Noticed a Killer Klown
 80784 | Zot:5    | Killed a Killer Klown
 81015 | Zot:5    | Received a gift from Okawaru
 81631 | Zot:5    | Noticed a dread lich
 81640 | Zot:5    | Killed a dread lich
 81912 | Zot:5    | Reached skill level 15 in Throwing
 82015 | Zot:5    | Noticed an ancient lich
 82372 | Zot:5    | Got the Orb of Zot
 82379 | Zot:5    | Noticed a seraph
 82750 | D:13     | Identified the +3 robe "Ryicolo" {rF++ rCorr Int+3 Stlth-}
 82750 | D:13     | Noticed Boris
 82901 | D:6      | Noticed Wipipnu the pandemonium lord
 82901 | D:6      | Noticed an ancient lich
 83057 | D:$      | Escaped with the Orb!

Illustrated notes

Levels and vault maps discovered:
D:1:      dpeg_arrival_signposts, layout_basic
D:2:      layout_basic
D:3:      layout_basic, overflow_temple_1_default
D:4:      layout_loops_cross, mainiacjoe_overflow_surrounded_room,
          minmay_temple_entry_arrows, sigmund_edmund_badplayer, uniq_natasha
D:5:      layout_cave_pools, mainiacjoe_overflow_catwalk,
          gammafunk_temple_overflow_statue, serial_bayou, serial_bayou_lagoon_a,
          serial_bayou_pond_e, serial_bayou_pond_d, serial_bayou_lagoon_b
D:6:      layout_loops_ring, lemuel_crystal_altar, grunt_dithmenos_shadows,
          enter_ossuary_4, ebering_ghost_rock_garden, uniq_crazy_yiuf_cottage
D:7:      layout_cave_pools, nicolae_uskayaw_murder_on_the_dancefloor,
          amcnicky_altar_gilded, enter_bailey_2, serial_shops,
          nicolae_shop_back_alley_shop, shop, corexii_leaking_fountain,
          nicolae_eternal_life
D:8:      layout_basic, corexii_corridor_pit, uniq_psyche
D:9:      layout_roguey, lemuel_coloured_pillars_altar, trog_wizard,
          serial_shops, nicolae_shop_back_alley_shop, serial_curves,
          eino_curves_02, eino_curves_01, grunt_decor_clamped, minivault_25
D:10:     gammafunk_mikee_crab_dinner, layout_rooms,
          nicolae_kikubaaqudgha_miasma_corner, nicolae_overflow_crystal_walls,
          lair_entry_dummy, serial_shops, shop, nicolae_custom_books
D:11:     layout_roguey, orc_0_dummy, gammafunk_ghost_icy, chequers_big_river
D:12:     layout_loops_ring, hangedman_decor_opposing, evilmike_minifort,
          uniq_kirke, uniq_fannar
D:13:     minmay_the_grid_plus_closed [minmay_the_grid_dragon_a,
          minmay_the_grid_outer_diamond, minmay_the_grid_all_tris,
          minmay_the_grid_expand, minmay_the_grid_prize_diamond_cup],
          layout_small_grid, minmay_fractal_squares_5
D:14:     layout_rooms, erik_vaults_2, fiery_altar_vehumet
D:15:     kennysheep_seaside_town, layout_basic, minmay_stone_trees_large,
          yredelemnul_altar_generic
Lair:1:   layout_gridlike, basic_altar, uniq_erica
Lair:2:   layout_long_grid, dummy_spider_entry, st_stairs_4, uniq_prince_ribbit2
Lair:3:   layout_layer_cave, nicolae_swamp_entry_splash_gauntlet, minivault_23,
          dreamdust_mushroom_princess, st_stairs_8, uniq_nergalle, uniq_nessos
Lair:4:   layout_misc_corridors
Lair:5:   grunt_lair_end_beastmaster, layout_hall_layers, slime_entry_1,
          special_room [special_room_jelly], uniq_urug
Swamp:1:  layout_basic_swamp, evilmike_swamp_ruin_house_1, swamp_pool_5,
          nicolae_swamp_decorative_isthmus, nicolae_swamp_tree_isthmus
Swamp:2:  layout_basic_swamp, nicolae_swamp_long_stream,
          hangedman_swamp_phenomena
Swamp:3:  layout_falls_marsh, evilmike_swamp_ruin_house_5, uniq_donald,
          uniq_jorgrun, uniq_bai_suzhen, uniq_louise
Swamp:4:  swamp_pestilence, layout_basic_swamp, cheibrodos_swamp_witchery
Spider:1: layout_spider_delve, nicolae_spider_not_touching_you, uniq_mlioglotl
Spider:2: layout_spider_delve
Spider:3: layout_spider_delve, nicolae_spider_moth_buddies, uniq_arachne,
          uniq_agnes
Spider:4: grunt_spider_rune_parallel, nicolae_spider_baby_got_redback
Slime:1:  layout_caves, nicolae_slime_phagocytosis
Slime:2:  layout_caves
Slime:3:  layout_caves, nicolae_slime_barrier
Slime:4:  layout_caves
Slime:5:  slime_pit_nicolae_inversion
Orc:1:    cheibrodos_orc_guarddog, layout_diamond_mine,
          nicolae_volcano_entry_lava_flow
Orc:2:    st_orc_rangers, layout_caves, serial_shops, bzr_entry_safe
Elf:1:    nicolae_elf_arrival_fired_up, layout_geoelf_octagon, enter_trove_5,
          guppyfry_library_mini, minmay_shop_grove
Elf:2:    elven_hall_of_blades_hangedman_original
          [nicolae_blade_entry_floor_patterns], layout_geoelf_octagon,
          nicolae_elf_stone_circles, hangedman_elf_simple_split
Elf:3:    minmay_elf_hall_x, layout_geoelf_grid
Vaults:1: nicolae_vaults_more_shelving_1, nicolae_vaults_hexular_roomagon,
          nicolae_vaults_trapezoid_2, layout_vaults_omnigrid, serial_shops,
          nicolae_shop_competitors_out_of_business, uniq_nikola
Vaults:2: nicolae_vaults_swerve, minmay_crypt_entry_skeletal_spiral,
          nicolae_vaults_yaktaur_gun_rack, blackcustard_rock_pile,
          nicolae_vaults_little_squares_1, hangedman_vaults_stitches,
          nicolae_vaults_trapezoid_3, hangedman_vaults_nails,
          hangedman_vaults_nails, nicolae_vaults_house_2,
          nicolae_vaults_trapezoid_lopsided_1, nicolae_vaults_surprise_closet,
          layout_vaults_big_room
Vaults:3: nicolae_vaults_spaceships, vaults_room_fours,
          nicolae_vaults_storage_closets_2, v_misc_14,
          nicolae_vaults_trapezoid_1, vaults_room_large_hall,
          ontoclasm_vaults_misaligned, vaults_room_corners,
          nicolae_vaults_apartment_2, nicolae_vaults_sesquioval_fish,
          nicolae_vaults_alarming, v_misc_23, vaults_dpeg_emergency_exit,
          nicolae_vaults_specimen_jars, layout_vaults_omnicross, uniq_mara,
          uniq_zenata
Vaults:4: emtedronai_trogs_sanctum, vaults_mumra_minichess,
          hangedman_vaults_stretched_pinwheel,
          nicolae_vaults_taking_the_gang_shopping,
          nicolae_vaults_doubleplus_tesselated, hangedman_vaults_river_flow,
          dpeg_vaults_monster_box, nicolae_vaults_surprise_closet,
          nicolae_vaults_circle_grid_b, nicolae_vaults_double_plus_1,
          nicolae_vaults_little_squares_2,
          serial_library_regret_index_small_wings, layout_vaults_maze
Depths:1: layout_cave_pools, enter_ziggurat_f, hangedman_decor_clover_reticule,
          lightli_too_deep, rand_demon_pan_entry_5, nzn_hepliaklqana_mist_gate,
          grunt_megastairs_3
Depths:2: hangedman_crystal_crosses_colossus [crystal_crosses_arms_four,
          crystal_crosses_arms_two, crystal_crosses_arms_two], pan_entry,
          hell_entry, uniq_boris
Depths:3: hangedman_cross_veins, layout_gridlike,
          nicolae_abyss_entry_one_way_or_another, rand_demon_pan_entry_7,
          serial_shops, bzr_entry_dummy, nicolae_concentric_dashed_squares_wild,
          hell_entry, kennysheep_generic_room_2
Depths:4: grunt_crosshair, layout_cave_pools, hell_entry,
          rand_demon_pan_entry_8, serial_shops, bzr_entry_water
Zot:1:    layout_cathedral_of_symmetry, skrybe_zot_glass_1
Zot:2:    layout_onion_interference
Zot:3:    layout_onion_interference, hellmonk_ghost_big_iron
Zot:4:    layout_gridlike
Zot:5:    layout_onion, nicolae_diode_stairs

Skill      XL: |  1  2  3  4  5  6  7  8  9 10 11 12 13 14 15 16 17 18 19 20 21 22 23 24 25 26 |
---------------+-------------------------------------------------------------------------------+-----
Ranged Weapons | 2 3 4 5 7 9 11 13 14 15 17 18 19 20 | 20.5
Fighting       | 7 12 15 17 19 20 | 20.0
Dodging        | 5 9 11 13 15 16 18 20 | 20.0
Armour         | 3 6 7 11 12 | 12.0
Invocations    | 4 8 10 11 12 13 | 13.0
Evocations     | 4 5 9 12 14 15 16 | 16.0
Stealth        | 7 9 10 12 14 | 14.1
Shields        | 3 5 |  5.8
Necromancy     | 2 5 7 8 9 |  9.0
Ice Magic      | 6 8 |  8.0
Spellcasting   | 1 2 3 |  3.0
Throwing       | 6 12 13 15 | 15.6
Earth Magic    | 5 7 |  7.0
Short Blades   | |  2.4

Action                     |  1- 3 |  4- 6 |  7- 9 | 10-12 | 13-15 | 16-18 | 19-21 | 22-24 | 25-27 || total
---------------------------+-------+-------+-------+-------+-------+-------+-------+-------+-------++-------
  Melee: Unarmed           |       |       |     4 |       |       |       |       |       |       ||     4
   Fire: Sling             |     6 |    70 |   443 |   117 |       |       |       |       |       ||   636
         Hand cannon       |       |       |       |   370 |   940 |  1207 |  1358 |  1281 |       ||  5156
         Longbow           |       |       |       |       |       |       |       |   342 |   776 ||  1118
  Throw: Dart              |       |       |       |     1 |     1 |     1 |       |     1 |       ||     4
         Javelin           |       |       |       |       |       |       |       |     7 |     2 ||     9
   Cast: Fugue of the Fall |       |       |       |       |       |       |     2 |    13 |    14 ||    29
         Ozocubu's Armour  |       |       |       |       |       |       |       |    11 |    14 ||    25
 Invoke: Heroism           |       |       |     1 |     1 |     2 |     2 |     1 |     4 |       ||    11
         Finesse           |       |       |       |       |     2 |     6 |     6 |     4 |     4 ||    22
         Receive Armour    |       |       |       |       |     1 |       |       |       |       ||     1
         Receive Weapon    |       |       |       |       |     1 |       |       |       |       ||     1
  Evoke: Wand              |       |       |       |     1 |     2 |     4 |     1 |     7 |     2 ||    17
         Lightning rod     |       |       |       |       |     4 |     2 |     8 |     4 |       ||    18
         Tin of tremorston |       |       |       |       |       |     4 |     3 |     6 |       ||    13
    Use: Scroll            |     1 |       |     1 |     1 |    16 |    10 |     5 |    11 |    17 ||    62
         Potion            |       |       |     2 |       |     4 |     3 |     2 |     5 |     5 ||    21
 Armour: Leather armour    |       |    19 |    10 |       |       |       |       |       |       ||    29
         Ring mail         |       |       |   103 |   193 |   361 |   526 |   431 |   577 |   167 ||  2358
         Skin              |       |       |    39 |       |       |       |       |       |       ||    39
  Dodge: Dodged            |       |    12 |   118 |   133 |   571 |   802 |   655 |  1395 |   317 ||  4003
  Block: Buckler           |       |       |       |       |       |   253 |   286 |   149 |       ||   688
         Reflection        |       |       |       |       |       |       |    19 |     3 |       ||    22

Table legend: (Time is in decaauts)
 A = Elapsed time spent in this place.
 B = Non-inter-level travel time spent in this place.
 C = Inter-level travel time spent in this place.
 D = Time resting spent in this place.
 E = Time spent auto-exploring this place.
 F = Levels seen in this place.
 G = Mean time per level.
                   A        B        C        D        E       F      G
               +--------+--------+--------+--------+--------+-----+--------+
         Total |  82901 |  72842 |  10059 |  26120 |  33688 |  57 | 1454.4 |
       Dungeon |  19243 |  15473 |   3770 |   3549 |   9496 |  15 | 1282.9 |
          Lair |  10579 |   9160 |   1419 |   3248 |   4488 |   5 | 2115.8 |
         Swamp |   3348 |   3156 |    192 |    994 |   1499 |   4 |  837.0 |
   Spider Nest |   8081 |   7752 |    329 |   3829 |   2768 |   4 | 2020.2 |
    Slime Pits |   5677 |   5297 |    380 |   2593 |   1778 |   5 | 1135.4 |
  Orcish Mines |   2663 |   2225 |    438 |    883 |    785 |   2 | 1331.5 |
   Elven Halls |   5080 |   4317 |    763 |   1612 |   1882 |   3 | 1693.3 |
        Vaults |   7945 |   6948 |    997 |   1783 |   3827 |   4 | 1986.2 |
        Depths |   6879 |   5894 |    985 |   2857 |   1593 |   4 | 1719.8 |
           Zot |  10937 |  10154 |    783 |   3835 |   4801 |   5 | 2187.4 |
        Bazaar |    522 |    522 |      0 |      0 |    375 |   3 |  174.0 |
         Trove |     43 |     43 |      0 |      0 |      4 |   1 |   43.0 |
        Bailey |   1479 |   1479 |      0 |    758 |    247 |   1 | 1479.0 |
       Volcano |    420 |    420 |      0 |    176 |    141 |   1 |  420.0 |
               +--------+--------+--------+--------+--------+-----+--------+

Top non-repeatable levels by time:
   Zot:5: 4377 daAuts
Spider:4: 3388 daAuts
  Lair:5: 2971 daAuts
    D:15: 2927 daAuts
Depths:2: 2671 daAuts
  Lair:3: 2610 daAuts
   Elf:3: 2566 daAuts
Vaults:1: 2256 daAuts
Spider:2: 2189 daAuts
   Zot:1: 2146 daAuts
Vaults:3: 2130 daAuts
Depths:1: 2104 daAuts
Vaults:2: 1970 daAuts
   Zot:2: 1969 daAuts
  Lair:2: 1938 daAuts
